PUBA
MANITOU LAKERS @ SUSQUEHANNA TRAILS SCARLETS
04/14/1972
 
TOP OF THE 1ST
Manitou Lakers batting - Pitching for Susquehanna Trails Scarlets : RHP Jim Nelson
Pitching: RHP Jim Nelson
Batting: RHB Don Baylor 0-0: Ball
1-0: Swinging Strike
1-1: Fly out, F8 (Flyball, 8LM, EV 95.0 MPH)
Batting: RHB Jim Mason 0-0: Foul Ball, location: 7LMFF
0-1: Ball
1-1: Fly out, F8 (Line Drive, 8RD, EV 97.5 MPH)
Batting: LHB Lawrence Delaney 0-0: SINGLE (Line Drive, 4D, EV 104.4 MPH)
Batting: LHB Vern Stone 0-0: Fly out, F7 (Flyball, 78M, EV 89.4 MPH)
Top of the 1st over - 0 runs, 1 hit, 0 errors, 1 left on base; Manitou 0 - Susquehanna Trails 0
BOTTOM OF THE 1ST
Susquehanna Trails Scarlets batting - Pitching for Manitou Lakers : RHP Del Browning
Pitching: RHP Del Browning
Batting: RHB Vance White 0-0: Called Strike
0-1: Ball
1-1: Ball
2-1: Ball
3-1: Foul Ball, location: 5FF
3-2: Fly out, F9 (Line Drive, 9, EV 89.4 MPH)
Batting: LHB Ron Blomberg 0-0: Called Strike
0-1: Ball
1-1: Fly out, F7 (Flyball, 78M, EV 86.3 MPH)
Batting: LHB Carlos Batista 0-0: Ball
1-0: Foul Ball, location: 2F
1-1: Ball
2-1: Foul Ball, location: 23F
2-2: Foul Ball, location: 3FF
2-2: Foul Ball, location: 2LF
2-2: Hit by Pitch
Batting: LHB Jim Lund 0-0: Ball
1-0: Swinging Strike
1-1: Ground out 4-3 (Groundball, 4, EV 106.9 MPH)
Bottom of the 1st over - 0 runs, 0 hits, 0 errors, 1 left on base; Manitou 0 - Susquehanna Trails 0
TOP OF THE 2ND
Manitou Lakers batting - Pitching for Susquehanna Trails Scarlets : RHP Jim Nelson
Batting: LHB Charlie Ervin 0-0: Ball
1-0: Ball
2-0: Ball
3-0: Called Strike
3-1: Ground out 4-3 (Groundball, 4S, EV 88.1 MPH)
Batting: RHB Nick Townsend 0-0: Called Strike
0-1: Ball
1-1: Swinging Strike
1-2: Ball
2-2: Ball
3-2: Strikes out swinging
Batting: LHB Pete Hill 0-0: Ball
1-0: Called Strike
1-1: Ball
2-1: Ball
3-1: Base on Balls
Batting: SHB José Mota 0-0: Swinging Strike
0-1: Ball
Pete Hill is caught stealing 2nd base 2-6
Top of the 2nd over - 0 runs, 0 hits, 0 errors, 0 left on base; Manitou 0 - Susquehanna Trails 0
BOTTOM OF THE 2ND
Susquehanna Trails Scarlets batting - Pitching for Manitou Lakers : RHP Del Browning
Batting: RHB Roger Martin 0-0: Ground out 5-3 (Groundball, 56, EV 105.6 MPH)
Batting: LHB Nick Hamlin 0-0: Called Strike
0-1: Ball
1-1: Swinging Strike
1-2: Ball
2-2: Ground out 5-3 (Groundball, 56, EV 85.6 MPH)
Batting: RHB Dan Parker 0-0: Foul Ball, location: 2F
0-1: Ball
1-1: Fly out, F7 (Flyball, 7, EV 85.0 MPH)
Bottom of the 2nd over - 0 runs, 0 hits, 0 errors, 0 left on base; Manitou 0 - Susquehanna Trails 0
TOP OF THE 3RD
Manitou Lakers batting - Pitching for Susquehanna Trails Scarlets : RHP Jim Nelson
Batting: SHB José Mota 0-0: Ball
1-0: Foul Ball, location: 5F
1-1: Foul Ball, location: 25F
1-2: Ground out 6-3 (Groundball, 56, EV 81.9 MPH)
Batting: RHB Pedro Ordóñez 0-0: Ball
1-0: Ball
2-0: Called Strike
2-1: Foul Ball, location: 9LSF
2-2: Strikes out swinging
Batting: RHB Don Baylor 0-0: Foul Ball, location: 9LMF
0-1: Foul Ball, location: 9LSF
0-2: Strikes out looking
Top of the 3rd over - 0 runs, 0 hits, 0 errors, 0 left on base; Manitou 0 - Susquehanna Trails 0
BOTTOM OF THE 3RD
Susquehanna Trails Scarlets batting - Pitching for Manitou Lakers : RHP Del Browning
Batting: LHB Darrell Porter 0-0: Called Strike
0-1: Hit by Pitch
Batting: RHB Jim Donaldson 0-0: 2-RUN HOME RUN (Flyball, 89XD, EV 104.4 MPH), Distance : 423 ft
Batting: RHB Vance White 0-0: Called Strike
0-1: Ball
1-1: Ball
2-1: Foul Ball, location: 2F
2-2: Ball
3-2: Strikes out swinging
Batting: LHB Ron Blomberg 0-0: Ball
1-0: Ball
2-0: Called Strike
2-1: Ball
3-1: SINGLE (Groundball, 6MD, EV 95.0 MPH)
Batting: LHB Carlos Batista 0-0: Ball
1-0: Ball
2-0: Fly out, F9 (Line Drive, 9S, EV 92.5 MPH)
Batting: LHB Jim Lund 0-0: Swinging Strike
0-1: Foul Ball, location: 2F
0-2: Ball
1-2: Ball
2-2: Strikes out swinging
Bottom of the 3rd over - 2 runs, 2 hits, 0 errors, 1 left on base; Manitou 0 - Susquehanna Trails 2
TOP OF THE 4TH
Manitou Lakers batting - Pitching for Susquehanna Trails Scarlets : RHP Jim Nelson
Batting: RHB Jim Mason 0-0: Ball
1-0: Swinging Strike
1-1: SINGLE (Groundball, 4MD, EV 94.4 MPH)
Batting: LHB Lawrence Delaney 0-0: Ball
1-0: Fly out, F8 (Flyball, 8RM, EV 81.9 MPH)
Batting: LHB Vern Stone 0-0: Ball
1-0: Ball
2-0: Swinging Strike
2-1: Grounds into double play, 5-4-3 (Groundball, 5, EV 85.6 MPH)
Top of the 4th over - 0 runs, 1 hit, 0 errors, 0 left on base; Manitou 0 - Susquehanna Trails 2
BOTTOM OF THE 4TH
Susquehanna Trails Scarlets batting - Pitching for Manitou Lakers : RHP Del Browning
Batting: RHB Roger Martin 0-0: Ball
1-0: Called Strike
1-1: Called Strike
1-2: Ball
2-2: Ball
3-2: Ground out 4-3 (Groundball, 4S, EV 72.5 MPH)
Batting: LHB Nick Hamlin 0-0: Called Strike
0-1: Ball
1-1: Ball
2-1: Foul Ball, location: 5F
2-2: Ball
3-2: Ground out 6-3 (Groundball, 6, EV 84.4 MPH)
Batting: RHB Dan Parker 0-0: Ball
1-0: Ball
2-0: Ball
3-0: Called Strike
3-1: Foul Ball, location: 2F
3-2: Foul Ball, location: 5FF
3-2: Foul Ball, location: 2F
3-2: DOUBLE (Line Drive, 9LD, EV 110.6 MPH)
Batting: LHB Darrell Porter 0-0: Ball
1-0: Ball
2-0: Called Strike
2-1: Ball
3-1: Base on Balls
Batting: RHB Jim Donaldson 0-0: Ball
1-0: Ball
2-0: Ball
3-0: Base on Balls
Dan Parker to third
Darrell Porter to second
Batting: RHB Vance White 0-0: Ball
1-0: Ball
2-0: Ball
3-0: Base on Balls
Dan Parker scores
Darrell Porter to third
Jim Donaldson to second
Batting: LHB Ron Blomberg 0-0: Ball
1-0: Foul Ball, location: 5FF
1-1: Foul Ball, location: 3F
1-2: Ball
2-2: Ground out 1-3 (Groundball, 15S, EV 72.5 MPH)
Bottom of the 4th over - 1 run, 1 hit, 0 errors, 3 left on base; Manitou 0 - Susquehanna Trails 3
TOP OF THE 5TH
Manitou Lakers batting - Pitching for Susquehanna Trails Scarlets : RHP Jim Nelson
Batting: LHB Charlie Ervin 0-0: Foul Ball, location: 7LMF
0-1: Called Strike
0-2: Ball
1-2: Ball
2-2: Ball
3-2: Fly out, F8 (Flyball, 8RD, EV 106.3 MPH)
Batting: RHB Nick Townsend 0-0: Foul Ball, location: 23F
0-1: Ball
1-1: Called Strike
1-2: Foul Ball, location: 3F
1-2: Ground out 5-3 (Groundball, 56, EV 103.1 MPH)
Batting: LHB Pete Hill 0-0: Ball
1-0: Foul Ball, location: 2F
1-1: Called Strike
1-2: Ball
2-2: Ball
3-2: Ground out 4-3 (Groundball, 4, EV 85.6 MPH)
Top of the 5th over - 0 runs, 0 hits, 0 errors, 0 left on base; Manitou 0 - Susquehanna Trails 3
BOTTOM OF THE 5TH
Susquehanna Trails Scarlets batting - Pitching for Manitou Lakers : RHP Del Browning
Batting: LHB Carlos Batista 0-0: Ball
1-0: Ball
2-0: Called Strike
2-1: SINGLE (Flyball, 56D, EV 84.4 MPH)
Batting: LHB Jim Lund 0-0: Called Strike
0-1: Swinging Strike
0-2: Strikes out swinging
Batting: RHB Roger Martin 0-0: Fly out, F8 (Flyball, 8RD, EV 88.8 MPH)
Batting: LHB Nick Hamlin 0-0: Called Strike
0-1: Fly out, F7 (Flyball, 78M, EV 93.8 MPH)
Bottom of the 5th over - 0 runs, 1 hit, 0 errors, 1 left on base; Manitou 0 - Susquehanna Trails 3
TOP OF THE 6TH
Manitou Lakers batting - Pitching for Susquehanna Trails Scarlets : RHP Jim Nelson
Batting: SHB José Mota 0-0: Ball
1-0: Called Strike
1-1: Foul Ball, location: 2F
1-2: Ball
2-2: Strikes out swinging
Batting: RHB Pedro Ordóñez 0-0: Ball
1-0: Ball
2-0: Called Strike
2-1: Swinging Strike
2-2: Strikes out swinging
Batting: RHB Don Baylor 0-0: Ball
1-0: Ball
2-0: Foul Ball, location: 23FF
2-1: Foul Ball, location: 23F
2-2: Foul Ball, location: 2F
2-2: SINGLE (Line Drive, 7LS, EV 105.6 MPH)
Batting: RHB Jim Mason 0-0: Called Strike
Don Baylor is caught stealing 2nd base 2-4
Top of the 6th over - 0 runs, 1 hit, 0 errors, 0 left on base; Manitou 0 - Susquehanna Trails 3
BOTTOM OF THE 6TH
Susquehanna Trails Scarlets batting - Pitching for Manitou Lakers : RHP Del Browning
Batting: RHB Dan Parker 0-0: Ball
1-0: Swinging Strike
1-1: Called Strike
1-2: Ball
2-2: Foul Ball, location: 7LMF
2-2: Ball
3-2: SINGLE (Line Drive, 8RS, EV 97.5 MPH)
Batting: LHB Darrell Porter 0-0: Called Strike
0-1: Ball
1-1: Swinging Strike
1-2: Foul Ball, location: 25F
1-2: Strikes out swinging
Pitching: RHP Santiago Guzman
Batting: RHB Jim Donaldson 0-0: Ball
1-0: Called Strike
1-1: Called Strike
1-2: SINGLE (Groundball, 4D, EV 106.3 MPH)
Dan Parker to second
Runner from 2nd tries for 3rd, SAFE, throw by CF made to third
Batting: RHB Vance White 0-0: Called Strike
0-1: Ball
1-1: Swinging Strike
1-2: Strikes out swinging
Batting: LHB Ron Blomberg 0-0: Ground out 4-3 (Groundball, 4, EV 88.1 MPH)
Bottom of the 6th over - 0 runs, 2 hits, 0 errors, 2 left on base; Manitou 0 - Susquehanna Trails 3
TOP OF THE 7TH
Manitou Lakers batting - Pitching for Susquehanna Trails Scarlets : RHP Jim Nelson
Batting: RHB Jim Mason 0-0: Ball
1-0: Ball
2-0: Ball
3-0: Called Strike
3-1: Foul Ball, location: 2F
3-2: Fly out, F8 (Flyball, 8LD, EV 98.8 MPH)
Batting: LHB Lawrence Delaney 0-0: Called Strike
0-1: Ball
1-1: Ball
2-1: Ball
3-1: Foul Ball, location: 7LMFF
3-2: Strikes out looking
Batting: LHB Vern Stone 0-0: Ball
1-0: Foul Ball, location: 7LMF
1-1: Ground out 4-3 (Groundball, 4, EV 105.6 MPH)
Top of the 7th over - 0 runs, 0 hits, 0 errors, 0 left on base; Manitou 0 - Susquehanna Trails 3
BOTTOM OF THE 7TH
Susquehanna Trails Scarlets batting - Pitching for Manitou Lakers : RHP Santiago Guzman
Batting: LHB Carlos Batista 0-0: Swinging Strike
0-1: Ground out 6-3 (Groundball, 6, EV 91.9 MPH)
Batting: LHB Jim Lund 0-0: Ball
1-0: Foul Ball, location: 2F
1-1: Foul Ball, location: 3FF
1-2: Ball
2-2: Foul Ball, location: 9LSF
2-2: Ball
3-2: Ground out 4-3 (Groundball, 4M, EV 90.6 MPH)
Batting: RHB Roger Martin 0-0: Called Strike
0-1: Fly out, F3 (Popup, 3F, EV 63.1 MPH)
Bottom of the 7th over - 0 runs, 0 hits, 0 errors, 0 left on base; Manitou 0 - Susquehanna Trails 3
TOP OF THE 8TH
Manitou Lakers batting - Pitching for Susquehanna Trails Scarlets : RHP Jim Nelson
Batting: LHB Charlie Ervin 0-0: Called Strike
0-1: Foul Ball, location: 2F
0-2: Ball
1-2: Strikes out swinging
Batting: RHB Nick Townsend 0-0: Ball
1-0: Ball
2-0: Ball
3-0: Base on Balls
Batting: LHB Pete Hill 0-0: Foul Ball, location: 2F
0-1: Ball
1-1: Foul Ball, location: 5SF
1-2: Ground out 4-3 (Groundball, 34, EV 86.3 MPH)
Nick Townsend to second
Pitching: RHP Monty Montgomery
Batting: SHB José Mota 0-0: Ball
1-0: Foul Ball, location: 2F
1-1: Ball
2-1: Ball
3-1: Fly out, F8 (Flyball, 8LD, EV 105.6 MPH)
Top of the 8th over - 0 runs, 0 hits, 0 errors, 1 left on base; Manitou 0 - Susquehanna Trails 3
BOTTOM OF THE 8TH
Susquehanna Trails Scarlets batting - Pitching for Manitou Lakers : RHP Santiago Guzman
Batting: LHB Nick Hamlin 0-0: Ball
1-0: SINGLE (Line Drive, 7S, EV 101.3 MPH)
Batting: RHB Dan Parker 0-0: Called Strike
0-1: Called Strike
0-2: Fielders Choice at 2nd, 2-4 (Groundball, 2L, EV 70.0 MPH)
Batting: LHB Darrell Porter 0-0: Called Strike
0-1: Ball
1-1: Called Strike
1-2: Foul Ball, location: 2F
1-2: Ball
2-2: Fly out, F7 (Flyball, 78S, EV 88.8 MPH)
Pitching: RHP Kenny Shoemaker
Batting: RHB Jim Donaldson 0-0: Called Strike
0-1: Foul Ball, location: 25F
0-2: Strikes out swinging
Bottom of the 8th over - 0 runs, 1 hit, 0 errors, 1 left on base; Manitou 0 - Susquehanna Trails 3
TOP OF THE 9TH
Manitou Lakers batting - Pitching for Susquehanna Trails Scarlets : RHP Monty Montgomery
Pinch Hitting: SHB Brian Copeland 0-0: Called Strike
0-1: Ball
1-1: Called Strike
1-2: Foul Ball, location: 7LDF
1-2: Ball
2-2: Strikes out looking
Batting: RHB Don Baylor 0-0: Foul Ball, location: 9LDF
0-1: Ball
1-1: Foul Ball, location: 2F
1-2: SINGLE (Groundball, 34D, EV 110.0 MPH)
Batting: RHB Jim Mason 0-0: Ball
1-0: Called Strike
1-1: Ball
2-1: Fly out, F7 (Flyball, 7LS, EV 76.3 MPH)
Batting: LHB Lawrence Delaney 0-0: Ball
1-0: Called Strike
1-1: Fly out, F7 (Flyball, 7S, EV 89.4 MPH)
Top of the 9th over - 0 runs, 1 hit, 0 errors, 1 left on base; Manitou 0 - Susquehanna Trails 3
Monday, February 26th , 2024 - OOTP Baseball 24.8 Build 75